 Dungeon Crawl Stone Soup version 0.30-a0-782-ge64f9170bb (webtiles) character file.

Game seed: 7053636675956996388

244 theswoord the Shooter (level 5, -3/39 HPs)
             Began as a Demonspawn Hunter on Feb 18, 2023.
             Slain by a black bear (8 damage)
             ... on level 4 of the Dungeon.
             The game lasted 00:04:53 (2753 turns).

theswoord the Shooter (Demonspawn Hunter)           Turns: 2753, Time: 00:04:53

Health: -3/39      AC: 15    Str: 14    XL:     5   Next: 83%
Magic:  5/5        EV:  6    Int: 12    God:
Gold:   149        SH:  0    Dex: 16    Spells: 4/4 levels left

rFire   . . .      SeeInvis .    a - +0 shortbow
rCold   . . .      Faith    .    (shield currently unavailable)
rNeg    . . .      Spirit   .    g - +3 chain mail of the Bulwark {rCorr Int+2}
rPois   .          Reflect  .    o - +0 helmet
rElec   .          Harm     .    (no cloak)
rCorr   +          Rampage  .    j - +1 pair of gloves
Will    .....                    (no boots) Stlth
                                 (no amulet)
HPRegen 0.26/turn                (no ring)
MPRegen 0.09/turn                (no ring)

@: no status effects
A: rugged brown scales 1, powered by death 1, demonic magic 1
a: no special abilities


You were on level 4 of the Dungeon.
You visited 1 branch of the dungeon, and saw 4 of its levels.

You collected 149 gold pieces.

Inventory:

Hand Weapons
 a - a +0 shortbow (weapon)
Armour
 c - a +0 leather armour
 g - the +3 chain mail of the Bulwark (worn) {rCorr Int+2}
   (You took it off a hobgoblin on level 4 of the Dungeon)

   Int:       It affects your intelligence (+2).
   rCorr:     It protects you from acid and corrosion.
 j - a +1 pair of gloves (worn)
 n - a +0 pair of gloves
 o - a +0 helmet (worn)
Wands
 p - a wand of iceblast (6)
Scrolls
 b - a scroll of immolation
Potions
 d - 4 potions of mutation
 e - 2 potions of haste {unknown}
 f - a potion of might
 h - 2 potions of ambrosia
 i - a potion of heal wounds
 l - a potion of flight {unknown}


   Skills:
 - Level 2.0 Fighting
 + Level 6.5 Ranged Weapons
 - Level 1.7 Dodging
 - Level 0.8 Stealth


You had 4 spell levels left.
You didn't know any spells.
Your spell library contained the following spells:

 Spells                   Type           Power      Damage    Failure   Level
 Alistair's Intoxication  Tmut/Pois      0%         N/A       100%        5
 Borgnjor's Vile Clutch   Necr/Erth      0%         N/A       100%        5
 Irradiate                Conj/Tmut      0%         3d11      100%        5
 Eringya's Noxious Bog    Tmut/Pois      0%         N/A       100%        6
 Storm Form               Tmut/Air       0%         N/A       100%        7
 Necromutation            Tmut/Necr      0%         N/A       100%        8
 Chain Lightning          Conj/Air       0%         N/A       100%        9
 Fire Storm               Conj/Fire      0%         5d1       100%        9
 Shatter                  Erth           0%         3d5*      100%        9


Dungeon Overview and Level Annotations

Branches:
Dungeon (4/15)
 Temple: D:4-7

Altars:

Shops:
D:3 :?[([


Innate Abilities, Weirdness & Mutations

You are partially covered in rugged brown scales. (AC +1, +3% HP)
You regenerate a little health from kills.
Spells you cast may paralyse adjacent enemies.


Message History

The black bear barely misses you.
You shoot an arrow.
The arrow hits the black bear but does no damage.
The black bear bites you but does no damage.
The black bear barely misses you.
The black bear claws you but does no damage.
You shoot an arrow. The arrow barely misses the black bear.
The black bear bites you but does no damage.
The black bear claws you but does no damage. x2
The black bear bites you but does no damage.
The black bear claws you but does no damage.
The black bear barely misses you.
You shoot an arrow. The arrow barely misses the black bear.
The black bear bites you.
* * * LOW HITPOINT WARNING * * *
The black bear claws you but does no damage.
The black bear claws you.
* * * LOW HITPOINT WARNING * * *
The black bear barely misses you.
The black bear claws you but does no damage. x2
You shoot an arrow. The arrow barely misses the black bear.
The black bear bites you.
* * * LOW HITPOINT WARNING * * *
The black bear closely misses you.
The black bear claws you but does no damage.
The black bear bites you.
* * * LOW HITPOINT WARNING * * *
The black bear claws you.
* * * LOW HITPOINT WARNING * * *
The black bear barely misses you.
You shoot an arrow. The arrow hits the black bear!
The black bear goes berserk!
You shoot an arrow. The arrow barely misses the black bear.
The black bear bites you but does no damage.
The black bear barely misses you.
The black bear claws you but does no damage.
The black bear bites you but does no damage.
The black bear closely misses you.
The black bear claws you but does no damage.
The black bear bites you!
You die...

.##...#........,*,,,,,,,,,,,,,,,*
......#.........#,,,,**,,,**,,,,*
......#.....<...#,,,,*******,,,,*
......#.........######*,,,,,,,,,*
#######.........#....#*,,,**,,,,*
................#....#,,,,**,,,,*
......).........#....#,,,,,,,,,,*
................#h...+,,,,,,,,,,*
................@....#,,,,,,,,,,*
................###+##**,,***,,,*
###'#########.........,*,,***,,,*
,#......#,,,#.........,*,,,,,,,,*
,#......#,,,#.........,*,,,,,,,,*
,#......#,,,#.........,*,,,,,,,,*
##......#,,,#.........,*,,,,,,,,*
#[......#,,,+.........,*,,,,,,,,*
#.....###,,,#.........,*,,,,,,,,*


You could see a black bear (berserk).

Vanquished Creatures
  2 scorpion zombies (D:3)
  A hound zombie (D:3)
  3 gnolls
  6 adders
  2 ufetubi (D:4)
  2 adder skeletons (D:3)
  A worm (D:2)
  2 dart slugs
  An orc (D:4)
  6 endoplasms
  5 giant cockroaches
  5 goblins
  8 hobgoblins
  2 quokkas
  8 ball pythons
  11 bats
  3 frilled lizards
  A giant cockroach zombie (D:3)
  3 kobolds (D:1)
  A quokka zombie (D:3)
  6 rats
79 creatures vanquished.

Vanquished Creatures (others)
  8 fungi (D:2)
  5 plants (D:2)
  A withered plant (D:3)
14 creatures vanquished.

Grand Total: 93 creatures vanquished

Notes
Turn   | Place    | Note
-------+----------+-------------------------------------------
     0 | D:1      | theswoord the Demonspawn Hunter began the quest for the
                  | Orb.
     0 | D:1      | Reached XP level 1. HP: 16/16 MP: 1/1
   150 | D:1      | Reached skill level 4 in Ranged Weapons
   153 | D:1      | Gained mutation: Spells you cast may paralyse adjacent
                  | enemies. [demonic ancestry]
   153 | D:1      | Reached XP level 2. HP: 9/17 MP: 2/2
   681 | D:2      | Gained mutation: You are partially covered in rugged brown
                  | scales. (AC +1, +3% HP) [demonic ancestry]
   681 | D:2      | Reached XP level 3. HP: 22/27 MP: 3/3
   925 | D:2      | Reached skill level 5 in Ranged Weapons
   993 | D:2      | Reached XP level 4. HP: 32/33 MP: 4/4
  1416 | D:2      | Got the Incunabulum of the Lumpy Dances
  1797 | D:2      | Found a faded altar of an unknown god.
  1994 | D:3      | Found Cecse's Weapon Emporium.
  2028 | D:3      | Gained mutation: You regenerate a little health from kills.
                  | [demonic ancestry]
  2028 | D:3      | Reached XP level 5. HP: 39/39 MP: 5/5
  2126 | D:3      | Reached skill level 6 in Ranged Weapons
  2158 | D:3      | Found Hodetie's Armour Shoppe.
  2212 | D:3      | Found Fidizye's Magic Scroll Emporium.
  2272 | D:3      | Found Zufrowni's Book Boutique.
  2347 | D:3      | Found Fauschanu's Armour Boutique.
  2622 | D:4      | Identified the +3 chain mail of the Bulwark {rCorr Int+2}
  2733 | D:4      | Noticed a black bear
  2753 | D:4      | Slain by a black bear

Skill      XL: |  1  2  3  4  5 |
---------------+----------------+-----
Ranged Weapons | 4 5 6 |  6.5
Fighting       | |  2.0
Dodging        | |  1.7
Stealth        | |  0.8

Action                     |  1- 3 |  4- 6 || total
---------------------------+-------+-------++-------
   Fire: Shortbow          |    95 |   186 ||   281
    Use: Potion            |     1 |       ||     1
         Scroll            |       |    10 ||    10
 Armour: Leather armour    |    21 |    55 ||    76
         Chain mail        |       |    55 ||    55
  Dodge: Dodged            |    36 |   145 ||   181

Levels and vault maps discovered:
D:1:      roderic_crossed_star, layout_basic, chequers_serial_rivers_micro_a
D:2:      layout_loops_cross, shapermc_ecumenical_altar_hornbeckon,
          minmay_vboxes
D:3:      layout_rooms, serial_undead, serial_undead_c, serial_undead_c,
          serial_undead_b, serial_undead_b, serial_undead_c, serial_undead_d,
          serial_shops, nicolae_shop_waterfront, shop, shop_fountains,
          nicolae_shop_bloodbath_and_beyond, nicolae_lakefront_shop, hex_medium
D:4:      layout_gridville
